 Dungeon Crawl Stone Soup version 0.16.1-16-gc44b35d (webtiles) character file.

3715 Chiseanne the Unseen (level 9, -1/41 HPs)
             Began as a Spriggan Assassin on Apr 21, 2015.
             Was a Priest of Dithmenos.
             Killed from afar by a catoblepas (3 damage)
             ... with a blast of calcifying dust
             ... on level 8 of the Dungeon.
             The game lasted 00:40:19 (10176 turns).

Chiseanne the Unseen (Spriggan Assassin)           Turns: 10176, Time: 00:40:19

Health: -1/41      AC:  5    Str:  7    XL:     9   Next: 91%
Magic:  15/18      EV:  4    Int: 12    God:    Dithmenos [***...]
Gold:   355        SH:  0    Dex: 21    Spells: 0 memorised, 8 levels left

rFire  . . .     SeeInvis +     a - +2 short sword (speed)
rCold  . . .     Clarity  .     c - +0 robe
rNeg   + + +     SustAb   .     I - +0 buckler
rPois  ∞         Gourm    .     k - +1 hat
rElec  .         Spirit   .     C - +1 cloak
rCorr  .         Warding  .     (gloves unavailable)
rMut   .         Stasis   .     (boots unavailable)
MR     +....                    (no amulet)
Stlth  ++++++++++               (no ring)
                                t - ring of positive energy

@: petrified, wreathed by umbra, very quick, somewhat resistant to hostile
enchantments, uncannily stealthy
A: unfitting armour, see invisible, herbivore 3, speed 3, slow metabolism 2
a: Shadow Step, Renounce Religion


You were on level 8 of the Dungeon.
You worshipped Dithmenos.
Dithmenos was most pleased with you.
You were very full.

You visited 1 branch of the dungeon, and saw 8 of its levels.

You collected 355 gold pieces.

Inventory:

Hand weapons
 a - a +2 short sword of speed (weapon)
 d - a +0 flail of crushing
 s - a +5 flail of protection
 w - a +0 blowgun
 y - a +2 hand axe of chopping
 F - a cursed +3 dagger
 G - a +1 falchion (quivered)
 J - a +0 flail of venom
Missiles
 e - 20 poisoned needles
 f - 2 curare-tipped needles
 h - 41 sling bullets
 i - 2 throwing nets
 o - 69 bolts
 z - 18 bolts of frost
Armour
 c - a +0 robe (worn)
 k - a +1 hat (worn)
 C - a +1 cloak (worn)
 D - a +0 robe of positive energy
 I - a +0 buckler (worn)
Jewellery
 j - a +2 ring of evasion {unknown}
 t - a ring of positive energy (left hand)
 v - an uncursed amulet of guardian spirit {unknown}
 M - an uncursed ring of teleport control {unknown}
Magical devices
 u - a wand of digging (21)
 H - a wand of paralysis (11)
Scrolls
 m - 5 scrolls of fog
 n - a scroll of teleportation
 r - 4 scrolls of magic mapping
 A - a scroll of recharging
 L - a scroll of fear
Potions
 b - a potion of heal wounds {unknown}
 l - a potion of flight
 p - 2 potions of curing
 q - a potion of might {unknown}
 x - a potion of beneficial mutation {unknown}
 B - 2 potions of ambrosia
 E - a potion of restore abilities {unknown}
Comestibles
 g - 9 bread rations


   Skills:
 - Level 1.5 Fighting
 - Level 2.1 Short Blades
 - Level 2.1 Throwing
 * Level 8.3 Dodging
 * Level 19.0 Stealth


You had 8 spell levels left.
You didn't know any spells.

Dungeon Overview and Level Annotations

Branches:
Dungeon (8/15)             Temple (0/1) D:5
   Lair: D:8-11

Altars:
Dithmenos
Elyvilon
Nemelex Xobeh
Ru
Trog
Vehumet

Annotations:
D:4 Chiseanne's ghost, average SpAs


Innate Abilities, Weirdness & Mutations

You are tiny and cannot use many weapons and most armour.
You have supernaturally acute eyesight.
You are a herbivore.
You cover ground extremely quickly.
You need consume almost no food.


Message History

You hit the catoblepas but do no damage.
The catoblepas is almost dead.
You are engulfed in calcifying dust.
The catoblepas breathes a plume of calcifying dust at you.
The blast of calcifying dust hits you!
Your limbs are stiffening.
You hit the catoblepas but do no damage.
The catoblepas is almost dead.
You are engulfed in calcifying dust.
The catoblepas gores you!
You hit the catoblepas.
The catoblepas is almost dead.
You are engulfed in calcifying dust.
Your limbs have turned to stone.
The catoblepas gores you!
You have turned to stone.
The catoblepas breathes a plume of calcifying dust at you.
The blast of calcifying dust hits you!
You are engulfed in calcifying dust.
The catoblepas gores you!!
* * * LOW HITPOINT WARNING * * *
You are engulfed in calcifying dust.
The catoblepas breathes a plume of calcifying dust at you.
The blast of calcifying dust hits you!
You die...

#.#
#############
#.# #.# #.#
#.# #.# #.#
#Y# #@# #.#
#§# #.. ###


You could see a catoblepas.

Vanquished Creatures
  A spriggan (D:7)
  Edmund (D:7)
  An ice beast (D:7)
  An orc warrior (D:7)
  A sky beast (D:5)
  A phantom (D:7)
  A centaur (D:8)
  2 black bears
  An ogre (D:6)
  A necrophage (D:8)
  A wasp (D:8)
  Sigmund (D:4)
  5 giant frogs
  A gnoll sergeant (D:4)
  3 scorpions
  3 killer bees (D:8)
  8 wights (D:7)
  3 crimson imps
  A centaur zombie (D:8)
  2 hounds (D:4)
  5 orc priests
  A quasit (D:6)
  2 giant frog skeletons
  5 orc wizards
  A centaur skeleton (D:5)
  Natasha (thrice) (D:3)
  3 gnoll shamans (D:4)
  3 iguanas
  5 worker ants
  9 adders
  A shadow imp (D:7)
  33 gnolls
  4 worms
  An adder skeleton (D:5)
  5 giant geckos
  21 orcs
  10 bats
  4 bat skeletons
  14 hobgoblins
  27 jackals
  10 kobolds
  2 quokkas
  A ball python (D:3)
  7 giant cockroaches
  7 giant newts
  A giant spore (D:8)
  10 goblins
  17 rats
  A ballistomycete (D:8)
252 creatures vanquished.

Notes
Turn   | Place    | Note
--------------------------------------------------------------
     0 | D:1      | Chiseanne, the Spriggan Assassin, began the quest for the Orb.
     0 | D:1      | Reached XP level 1. HP: 10/10 MP: 2/2
    44 | D:1      | Reached skill level 6 in Stealth
   316 | D:1      | Reached XP level 2. HP: 11/14 MP: 4/4
   824 | D:2      | Reached skill level 7 in Stealth
   936 | D:2      | Found a radiant altar of Vehumet.
  1507 | D:2      | Reached XP level 3. HP: 18/18 MP: 6/6
  1892 | D:3      | Reached skill level 8 in Stealth
  1980 | D:3      | Reached XP level 4. HP: 22/22 MP: 8/8
  2058 | D:3      | Noticed Natasha
  2092 | D:3      | Killed Natasha
  2092 | D:3      | Reached skill level 9 in Stealth
  2472 | D:3      | Reached XP level 5. HP: 25/25 MP: 10/10
  2715 | D:3      | Reached skill level 10 in Stealth
  2757 | D:3      | Noticed Natasha
  2763 | D:3      | Killed Natasha
  3008 | D:4      | Reached skill level 11 in Stealth
  3008 | D:4      | Reached XP level 6. HP: 30/30 MP: 12/12
  3831 | D:4      | Noticed Chiseanne's ghost (average SpAs)
  3928 | D:3      | Noticed Natasha
  3939 | D:3      | Killed Natasha
  4148 | D:4      | Noticed Sigmund
  4157 | D:4      | Killed Sigmund
  4157 | D:4      | Reached skill level 12 in Stealth
  4178 | D:4      | Found a shadowy altar of Dithmenos.
  4184 | D:4      | Became a worshipper of Dithmenos the Shadowed
  4405 | D:4      | Reached XP level 7. HP: 33/33 MP: 14/14
  4558 | D:4      | Reached skill level 13 in Stealth
  5356 | D:4      | Reached skill level 14 in Stealth
  5826 | D:4      | Reached XP level 8. HP: 22/37 MP: 16/16
  6268 | D:4      | Acquired Dithmenos' first power
  6326 | D:5      | Entered Level 5 of the Dungeon
  6420 | D:5      | Reached skill level 15 in Stealth
  6577 | D:5      | Found a staircase to the Ecumenical Temple.
  6605 | D:5      | Found a bloodstained altar of Trog.
  7283 | D:6      | Reached skill level 5 in Dodging
  7348 | D:6      | Found a sacrificial altar of Ru.
  7350 | D:6      | Found a white marble altar of Elyvilon.
  7381 | D:6      | Reached skill level 16 in Stealth
  7547 | D:6      | Found a sparkling altar of Nemelex Xobeh.
  8063 | D:7      | Reached XP level 9. HP: 41/41 MP: 18/18
  8089 | D:7      | Noticed Edmund
  8145 | D:7      | Killed Edmund
  8246 | D:7      | Reached skill level 17 in Stealth
  8617 | D:7      | Acquired Dithmenos' second power
  8681 | D:7      | Reached skill level 18 in Stealth
  9904 | D:8      | Acquired Dithmenos' third power
  9960 | D:8      | Reached skill level 19 in Stealth
 10163 | D:8      | Noticed a catoblepas
 10175 | D:8      | HP: 1/41 [catoblepas (17)]
 10176 | D:8      | Killed from afar by a catoblepas

Action                   |  1- 3 |  4- 6 |  7- 9 || total
-------------------------+-------+-------+-------++-------
Melee: Dagger            |    72 |    85 |   184 ||   341
       Flail             |       |       |   111 ||   111
       Short sword       |       |       |    16 ||    16
 Fire: Blowgun           |    29 |    92 |   233 ||   354
Throw: Throwing net      |       |       |     1 ||     1
Invok: Shadow Step       |       |       |     2 ||     2
Evoke: Wand              |       |       |     1 ||     1
  Use: Scroll            |     7 |     4 |     6 ||    17
       Potion            |       |     1 |       ||     1
 Stab: Sleeping          |    13 |    17 |    50 ||    80
       Distracted        |       |     3 |    17 ||    20
  Eat: Fruit             |       |     3 |     4 ||     7
       Bread ration      |       |       |     1 ||     1
